 Dungeon Crawl Stone Soup version 0.19-a0-1850-g63fd1ff (webtiles) character file.

71686 Leibowitz the Unseen (level 15, -6/94 HPs)
             Began as a Kobold Gladiator on Aug 23, 2016.
             Was the Champion of Uskayaw.
             Mangled by a two-headed ogre
             ... wielding a +0 giant club
              (21 damage)
             ... on level 2 of the Orcish Mines on Oct 10, 2016.
             The game lasted 01:51:01 (20108 turns).

Leibowitz the Unseen (Kobold Gladiator)            Turns: 20108, Time: 01:51:02

Health: -6/94      AC: 26    Str: 15    XL:     15   Next: 83%
Magic:  0/24       EV: 23    Int: 10    God:    Uskayaw [******]
Gold:   2040       SH:  0    Dex: 24    Spells: 3 memorised, 20 levels left

rFire  + + .     SeeInvis +     a - +6 rapier "Puhot" {speed, +Inv rF+ Int+4}
rCold  . . .     Gourm    .     Y - +8 scale mail of Piosod {rF+ Dex+2}
rNeg   . . .     Faith    .     (shield restricted)
rPois  +         Spirit   +     N - +1 hat {SInv}
rElec  .         Dismiss  .     A - +2 cloak {+Inv}
rCorr  .         Reflect  .     u - +0 pair of gloves
MR     +....     Harm     .     (no boots)
Stlth  ++++++....               B - amulet of guardian spirit
                                n - ring of poison resistance
                                g - +2 ring of dexterity

@: no status effects
A: molten scales 1, slimy green scales 1, carnivore 3, clumsy 1
a: Stomp, Line Pass, Grand Finale, Renounce Religion, Evoke Invisibility


You were on level 2 of the Orcish Mines.
You worshipped Uskayaw.
Uskayaw was aware of your devotion.
You were very full.

You visited 4 branches of the dungeon, and saw 19 of its levels.
You also visited: Sewer and Volcano.

You collected 2040 gold pieces.

Inventory:

Hand Weapons
 a - the +6 rapier "Puhot" (weapon) {speed, +Inv rF+ Int+4}
   (You found it on level 4 of the Lair of Beasts)

   Attacks with this weapon are significantly faster.
   It affects your intelligence (+4).
   It protects you from fire.
   It lets you turn invisible.
 F - a +4 scimitar of flaming
 M - a +1 short sword of venom
Missiles
 d - 6 throwing nets (quivered)
 G - 7 poisoned tomahawks
Armour
 s - a +0 leather armour of poison resistance
 u - a +0 pair of gloves (worn)
 A - a +2 cloak of invisibility (worn)
 K - a +2 robe of fire resistance
 L - a +2 robe of cold resistance
 N - a +1 hat of see invisible (worn)
 T - the +4 leather armour "Milethruski" {Regen+ rCorr Int+4}
   (You found it on level 5 of the Lair of Beasts)

   It affects your intelligence (+4).
   It increases your rate of regeneration.
   It protects you from acid and corrosion.
 Y - the +8 scale mail of Piosod (worn) {rF+ Dex+2}
   (You found it on level 6 of the Lair of Beasts)

   It affects your dexterity (+2).
   It protects you from fire.
Jewellery
 g - a +2 ring of dexterity (left hand)
 n - a ring of poison resistance (right hand)
 t - an uncursed ring of resist corrosion
 w - an uncursed ring of fire
 B - an amulet of guardian spirit (around neck)
 V - an uncursed amulet of magic regeneration {unknown}
Wands
 e - a wand of digging (11/24)
 m - a wand of iceblast (0/15)
 C - a wand of iceblast (5/15)
 D - a wand of iceblast (6/15)
 O - a wand of flame (39/48)
 P - a wand of slowing (24/48)
 Q - a wand of digging (11/24)
 S - a wand of hasting (7/9)
 Z - a wand of heal wounds (5/9)
Scrolls
 b - 2 scrolls of magic mapping
 h - 6 scrolls of teleportation
 i - 2 scrolls of blinking
 j - 8 scrolls of identify
 o - 5 scrolls of recharging
 p - 2 scrolls of fog
 y - 6 scrolls of remove curse
 H - a scroll of fear
 U - a scroll of enchant armour
Potions
 c - a potion of might
 k - 3 potions of berserk rage
 l - a potion of curing
 r - 2 potions of agility
 v - 4 potions of cancellation
 x - 3 potions of brilliance
 z - 5 potions of lignification
 E - a potion of invisibility
 R - a potion of ambrosia
 W - a potion of haste
Comestibles
 f - 13 meat rations
 q - 5 slices of pizza
 J - 4 beef jerkies


   Skills:
 * Level 11.0 Fighting
 + Level 13.6 Short Blades
 - Level 2.1 Throwing
 * Level 8.8 Armour
 * Level 12.8 Dodging
 + Level 17.0 Stealth
 * Level 6.5 Spellcasting
 * Level 6.2 Hexes
 * Level 8.0 Invocations
 + Level 4.4 Evocations


You had 20 spell levels left.
You knew the following spells:

 Your Spells              Type           Power        Failure   Level  Hunger
a - Confusing Touch       Hex            ###...       6%          1    None
b - Dazzling Spray        Conj/Hex       #.....       58%         3    ###....
c - Gell's Gravitas       Hex/Tloc       #.........   58%         3    ###....


Dungeon Overview and Level Annotations

Branches:
Dungeon (10/15)            Temple (1/1) D:7            Lair (6/6) D:10
 Shoals (0/4) Lair:3       Spider (0/4) Lair:2        Slime (0/5) Lair:6
    Orc (2/2) D:10            Elf (0/3) Orc:2

Altars:
Ashenzari
Cheibriados
Dithmenos
Elyvilon
Fedhas
Gozag
Hepliaklqana
Kikubaaqudgha
Makhleb
Nemelex Xobeh
Okawaru
Qazlal
Ru
Sif Muna
Trog
Uskayaw
Vehumet
Xom
Yredelemnul
Zin
The Shining One
Beogh

Shops:
D:10 [   Orc:2 (!*=


Innate Abilities, Weirdness & Mutations

You are small and have problems with some larger weapons.
You are carnivorous and can eat meat at any time.
You are partially covered in molten scales. (AC +2)
You are partially covered in slimy green scales. (AC +2)
You are clumsy. (Dex -2)


Message History

The ogre is almost dead.
You barely miss the ogre.
The ogre is almost dead.
The ogre completely misses you. The two-headed ogre closely misses you.
The two-headed ogre barely misses you. The ogre completely misses you.
You puncture the ogre!
You kill the ogre!
You puncture the two-headed ogre!
The two-headed ogre is moderately wounded.
The two-headed ogre barely misses you.
The two-headed ogre hits you with a dire flail!
* * * LOW HITPOINT WARNING * * *
The ogre misses you.
You hit the two-headed ogre.
The two-headed ogre is heavily wounded.
You puncture the two-headed ogre!
The two-headed ogre is almost dead.
The ogre closely misses you.
The two-headed ogre hits you with a giant club!!
You die...

**,,,,,,,,,,,,,,,,,,,,,,**
*,,,**######..######**,,,*
*,,**##............#***,,*
*,,**...............,**,,*
*,,*,...............,,*,,*
*,,,,.......∩∩......,,,,,*
*,,,,.......∩∩......,,,,,*
*,,*,.....))OO......,,*,,*
*,,**......)@O......,**,,*
*,,**##...)))O.....#***,,*
*,,,**######))#######*,,,* ##
**,,,.......).)......,,,**##.
**,,................,,** #.#
***#######.....####*** ###
#.......# # #### ##.###.##
##### # #..#### ###..####
##.#.###


You could see 2 two-headed ogres and 2 ogres.

Vanquished Creatures
  Rupert (Lair:4)
  Gastronok (Lair:1)
  An orc warlord (Orc:2)
  A fire dragon (Volcano)
  Erolcha (D:9)
  Fannar (D:10)
  The ghost of 2tc the Basher, a journeyman DDFi of Makhleb (D:10)
  2 hydras
  Harold (Lair:4)
  Erica (D:8)
  3 catoblepae (Lair:6)
  4 ogre magi (Orc:2)
  15 death yaks
  Urug (D:10)
  2 orc high priests (Orc:1)
  A hill giant (D:10)
  An orc knight (D:10)
  2 orc sorcerers (Orc:2)
  Maurice (D:8)
  A cyclops (Orc:2)
  8 elephants (Lair:6)
  3 salamanders (Volcano)
  4 black mambas
  A torpor snail (Lair:6)
  Psyche (D:9)
  A molten gargoyle (Lair:5)
  A gargoyle (D:10)
  9 spiny frogs
  9 komodo dragons
  7 trolls
  11 two-headed ogres
  A polar bear (Lair:2)
  20 blink frogs
  Grinder (D:3)
  A snapping turtle (Lair:3)
  A hornet (Lair:2)
  7 dream sheep (Lair:4)
  A shadow (D:9)
  2 spriggans
  11 wyverns
  30 yaks
  2 basilisks
  2 steam dragons (Volcano)
  3 hungry ghosts
  Grum (D:8)
  5 hippogriffs
  7 fire bats
  2 wargs (Orc:1)
  13 water moccasins
  11 porcupines
  Duvessa (D:6)
  21 orc warriors
  24 ogres
  An eye of draining (D:9)
  A black bear (D:7)
  4 sky beasts
  2 wolves (D:8)
  A removed MONS_WASP (D:8)
  A necrophage (D:7)
  2 phantoms
  13 crocodiles
  3 centaurs
  11 bullfrogs
  Dowan (D:6)
  5 scorpions
  21 killer bees
  11 wights (D:8)
  A howler monkey (D:8)
  2 crimson imps
  2 lava snakes (Lair:5)
  A centaur zombie (D:7)
  2 centaur skeletons
  A bullfrog zombie (D:10)
  6 hounds
  9 orc priests
  3 jellies (Lair:6)
  Jessica (D:2)
  6 iguanas
  8 worker ants
  Natasha (thrice) (D:2 D:3)
  11 orc wizards
  6 hell rats (Lair:6)
  A hound zombie (D:9)
  A worker ant zombie (D:7)
  2 gnolls (D:9)
  3 howler monkey skeletons
  16 adders
  25 river rats (Lair:1)
  5 shadow imps
  3 oozes
  2 adder skeletons
  4 worms
  A dart slug (D:1)
  8 leopard geckos
  45 orcs
  7 bats
  10 giant cockroaches
  7 goblins
  10 hobgoblins
  11 jackals
  2 quokkas
  7 ball pythons
  9 frilled lizards
  8 kobolds
  10 rats
600 creatures vanquished.

Vanquished Creatures (others)
  A gnoll (D:9)
  A bush (Lair:3)
  10 fungi
  10 plants
22 creatures vanquished.

Grand Total: 622 creatures vanquished

Notes
Turn   | Place    | Note
-------+----------+-------------------------------------------
     0 | D:1      | Leibowitz the Kobold Gladiator began the quest for the Orb.
     0 | D:1      | Reached XP level 1. HP: 12/12 MP: 1/1
   133 | D:1      | Reached XP level 2. HP: 17/17 MP: 2/2
   466 | D:1      | Reached XP level 3. HP: 21/21 MP: 3/3
  1085 | D:2      | Noticed Jessica
  1091 | D:2      | Killed Jessica
  1091 | D:2      | Reached skill level 1 in Armour
  1091 | D:2      | Reached skill level 1 in Stealth
  1091 | D:2      | Reached XP level 4. HP: 27/27 MP: 4/4
  1144 | D:2      | Noticed Natasha
  1148 | D:2      | Killed Natasha
  1155 | D:2      | Reached skill level 5 in Short Blades
  1155 | D:2      | Reached XP level 5. HP: 32/32 MP: 5/5
  1210 | D:2      | Noticed Natasha
  1211 | D:2      | Killed Natasha
  1385 | D:2      | Found a glowing silver altar of Zin.
  1766 | D:2      | Reached skill level 5 in Dodging
  1828 | D:3      | Noticed Grinder
  1830 | D:3      | Paralysed by Grinder for 6 turns
  1851 | D:3      | Killed Grinder
  1851 | D:3      | Reached skill level 2 in Stealth
  1851 | D:3      | Reached XP level 6. HP: 11/37 MP: 6/6
  2173 | D:3      | Reached XP level 7. HP: 38/41 MP: 7/7
  2195 | D:3      | Found a glowing drain.
  2231 | Sewer    | Entered a sewer
  2528 | Sewer    | Reached skill level 3 in Stealth
  2831 | D:3      | Noticed Natasha
  2837 | D:3      | Killed Natasha
  3430 | D:4      | Reached XP level 8. HP: 48/48 MP: 8/8
  3605 | D:4      | Reached skill level 4 in Stealth
  3941 | D:5      | Entered Level 5 of the Dungeon
  4157 | D:5      | Reached skill level 5 in Stealth
  4322 | D:5      | Gained mutation: You are partially covered in slimy green scales. (AC +2) [potion of mutation]
  4322 | D:5      | Gained mutation: You are partially covered in molten scales. (AC +2) [potion of mutation]
  4322 | D:5      | Gained mutation: You are clumsy. (Dex -2) [potion of mutation]
  4347 | D:5      | Found a sparkling altar of Nemelex Xobeh.
  4354 | D:5      | HP: 2/48 [ogre/giant club (19)]
  4808 | D:5      | Reached skill level 5 in Fighting
  4892 | D:6      | Reached XP level 9. HP: 54/54 MP: 9/9
  5190 | D:6      | Noticed Duvessa
  5210 | D:6      | Noticed Dowan
  5211 | D:6      | Killed Duvessa
  5223 | D:6      | Killed Dowan
  5498 | D:6      | Found a deep blue altar of Sif Muna.
  5703 | D:7      | Upgraded the game from 0.19-a0-1216-g363869b to 0.19-a0-1225-gf887c1c
  5791 | D:7      | Found a glowing golden altar of the Shining One.
  5843 | D:7      | Reached skill level 6 in Stealth
  6068 | D:7      | Found a sacrificial altar of Ru.
  6142 | D:7      | Found a staircase to the Ecumenical Temple.
  6158 | Temple   | Entered the Ecumenical Temple
  6211 | Temple   | Became a worshipper of Uskayaw the Reveler
  6243 | D:7      | Reached * piety under Uskayaw
  6244 | D:7      | Reached ** piety under Uskayaw
  6481 | D:7      | Reached XP level 10. HP: 61/61 MP: 7/10
  6638 | D:8      | Reached skill level 5 in Armour
  6651 | D:8      | Reached *** piety under Uskayaw
  6654 | D:8      | Reached **** piety under Uskayaw
  6662 | D:8      | Reached skill level 7 in Stealth
  6676 | D:8      | Reached ***** piety under Uskayaw
  6810 | D:8      | Reached skill level 10 in Short Blades
  6810 | D:8      | Reached skill level 1 in Evocations
  6989 | D:8      | Noticed Grum
  7072 | D:8      | Reached skill level 8 in Stealth
  7085 | D:8      | Killed Grum
  7190 | D:8      | Upgraded the game from 0.19-a0-1225-gf887c1c to 0.19-a0-1247-gdb14cb7
  7245 | D:8      | Noticed Maurice
  7247 | D:8      | Noticed Erica
  7269 | D:8      | Killed Erica
  7269 | D:8      | Reached skill level 9 in Stealth
  7272 | D:8      | Killed Maurice
  7480 | D:8      | Reached skill level 10 in Stealth
  7548 | D:8      | Found a snail-covered altar of Cheibriados.
  7711 | D:9      | Noticed Erolcha
  7729 | D:9      | Killed Erolcha
  7729 | D:9      | Reached XP level 11. HP: 67/67 MP: 12/12
  7776 | D:9      | Reached skill level 11 in Stealth
  7950 | D:9      | Noticed Psyche
  7951 | D:9      | Killed Psyche
  7966 | D:9      | Found a radiant altar of Vehumet.
  8441 | D:9      | Found a glowing golden altar of the Shining One.
  8441 | D:9      | Found a blossoming altar of Fedhas.
  8442 | D:9      | Found a white marble altar of Elyvilon.
  8624 | D:9      | Found a stormy altar of Qazlal.
  8737 | D:9      | Found a deep blue altar of Sif Muna.
  9019 | D:10     | Entered Level 10 of the Dungeon
  9158 | D:10     | Found Neusy's Armour Boutique.
  9158 | D:10     | Found a staircase to the Orcish Mines.
  9160 | D:10     | Noticed Urug
  9160 | D:10     | Noticed 2tc's ghost (journeyman DDFi)
  9161 | D:10     | Noticed an orc knight
  9246 | D:10     | Reached skill level 12 in Stealth
  9307 | D:10     | Noticed Fannar
  9312 | D:10     | Killed Fannar
  9386 | D:10     | Reached ****** piety under Uskayaw
  9689 | D:10     | Killed Urug
  9689 | D:10     | Reached skill level 10 in Dodging
  9689 | D:10     | Reached skill level 1 in Invocations
  9753 | D:10     | Killed an orc knight
 10304 | D:10     | Noticed a hill giant
 10473 | D:10     | Found a staircase to the Lair.
 10559 | D:10     | Reached XP level 12. HP: 74/74 MP: 13/13
 10615 | D:10     | Learned a level 1 spell: Confusing Touch
 10787 | D:10     | Killed 2tc's ghost
 11146 | D:10     | Reached skill level 1 in Hexes
 11575 | Lair:1   | Entered Level 1 of the Lair of Beasts
 11576 | Lair:1   | Upgraded the game from 0.19-a0-1247-gdb14cb7 to 0.19-a0-1850-g63fd1ff
 11694 | Lair:1   | Noticed a four-headed hydra
 11776 | Lair:1   | Killed a four-headed hydra
 11776 | Lair:1   | Reached skill level 13 in Stealth
 11776 | Lair:1   | Reached skill level 1 in Spellcasting
 12034 | Lair:1   | Noticed Gastronok
 12924 | Lair:1   | Killed Gastronok
 12924 | Lair:1   | Reached XP level 13. HP: 61/80 MP: 11/16
 13340 | Lair:2   | Noticed a seven-headed hydra
 13354 | Lair:2   | Killed a seven-headed hydra
 13354 | Lair:2   | Reached skill level 14 in Stealth
 13477 | Lair:2   | Found a hole to the Spider Nest.
 13767 | Lair:2   | Reached skill level 5 in Invocations
 14092 | Lair:3   | Learned a level 3 spell: Dazzling Spray
 14731 | Lair:3   | Found a staircase to the Shoals.
 14995 | Lair:3   | Reached skill level 15 in Stealth
 15143 | Lair:4   | Noticed Harold
 15148 | Lair:4   | Found a labyrinth entrance.
 15152 | Lair:4   | Killed Harold
 15590 | Lair:4   | Got a pitted rapier
 15591 | Lair:4   | Identified the +6 rapier "Puhot" {speed, +Inv rF+ Int+4} (You found it on level 4 of the Lair of Beasts)
 15642 | Lair:4   | Noticed Rupert
 15645 | Lair:4   | Killed Rupert
 15645 | Lair:4   | Reached XP level 14. HP: 86/86 MP: 19/21
 15963 | Lair:4   | Reached skill level 5 in Spellcasting
 16796 | Lair:5   | Got an ichor-stained leather armour
 16799 | Lair:5   | Reached skill level 5 in Hexes
 16883 | Lair:5   | Identified the +4 leather armour "Milethruski" {Regen+ rCorr Int+4} (You found it on level 5 of the Lair of Beasts)
 16951 | Lair:6   | Entered Level 6 of the Lair of Beasts
 17062 | Lair:6   | Learned a level 3 spell: Gell's Gravitas
 17139 | Lair:6   | Reached skill level 16 in Stealth
 17148 | Lair:6   | Found a staircase to the Slime Pits.
 17182 | Lair:6   | Reached skill level 10 in Fighting
 17656 | Lair:6   | Reached XP level 15. HP: 74/92 MP: 18/23
 17852 | Lair:6   | Got a distressingly furry scale mail
 17870 | Lair:6   | Identified the +8 scale mail of Piosod {rF+ Dex+2} (You found it on level 6 of the Lair of Beasts)
 18280 | Orc:1    | Entered Level 1 of the Orcish Mines
 18433 | Orc:1    | Found a roughly hewn altar of Beogh.
 18608 | Orc:1    | Found a roughly hewn altar of Beogh.
 18839 | Orc:2    | Entered Level 2 of the Orcish Mines
 18988 | Orc:2    | Found a dark tunnel.
 18993 | Volcano  | Entered a volcano
 19774 | Orc:2    | Found a staircase to the Elven Halls.
 19797 | Orc:2    | Noticed an orc warlord
 19842 | Orc:2    | Killed an orc warlord
 20017 | Orc:2    | Found Jeehyuwn's Jewellery Boutique.
 20017 | Orc:2    | Found Teklous's Distillery.
 20018 | Orc:2    | Found Orakhaim's General Store.
 20018 | Orc:2    | Found Guseg's Antique Weapon Shop.
 20040 | Orc:2    | Reached skill level 17 in Stealth
 20108 | Orc:2    | Mangled by a two-headed ogre

Vault maps used:
D:1:      lordsloth_arrival_two_stooges, hangedman_decor_riveting,
          minmay_heptomino_w4
D:2:      zin_treasury, first_bread, uniq_jessica, uniq_natasha
D:3:      portal_sewer_entry_f, uniq_grinder
D:5:      lemuel_round_altar, serial_bayou_pond_e
D:6:      kennysheep_mini_moat, uniq_duvessa
D:7:      nicolae_ru_path_of_blood, the_bakery, hangedman_decor_growths,
          nicolae_tso_carved_into_rock
D:8:      cheibrodos_worm_habitat, uniq_grum, uniq_maurice, uniq_erica
D:9:      kennysheep_orc_sif_temple, fiery_altar_vehumet, grunt_qazlal_clouds,
          gammafunk_temple_overflow_claw, uniq_erolcha, uniq_psyche
D:10:     lair_0_dummy, orc_david_3, grunt_potential, uniq_urug, uniq_fannar
Temple:   minmay_temple_bridge_abc
Lair:1:   grunt_forest_large_clearing_hut, lemuel_fruit_tree, uniq_gastronok
Lair:2:   nicolae_spider_entry_non_spiders
Lair:3:   minmay_shoals_entry_hut, serial_bayou_shore_a, grunt_megastairs_2
Lair:4:   lab_entry_generic, uniq_harold, uniq_rupert
Lair:6:   evilmike_catoblepas_cave, nicolae_slime_entry_slimehenge,
          minivault_24, minivault_27
Orc:1:    basic_altar, abandoned_shop, kennysheep_orc_chapel
Orc:2:    st_orc_ogre_mass, enter_volcano_4
Sewer:    sewer_frog_island_01
Volcano:  pf_volcano_lost_world

Skill      XL: |  1  2  3  4  5  6  7  8  9 10 11 12 13 14 15 |
---------------+----------------------------------------------+-----
Dodging        | 4 5 6 7 8 10 11 12 | 12.8
Armour         | 1 2 3 4 5 6 7 8 |  8.8
Stealth        | 1 2 3 5 6 10 12 13 15 16 17 | 17.0
Short Blades   | 5 6 7 9 10 11 12 13 | 13.6
Fighting       | 3 4 5 6 7 8 9 10 11 | 11.0
Evocations     | 2 3 4 |  4.4
Invocations    | 2 4 6 7 8 |  8.0
Hexes          | 2 4 5 6 |  6.2
Spellcasting   | 2 4 5 6 |  6.5
Throwing       | |  2.1

Action                   |  1- 3 |  4- 6 |  7- 9 | 10-12 | 13-15 || total
-------------------------+-------+-------+-------+-------+-------++-------
Melee: Rapier            |    39 |       |       |       |   780 ||   819
       Short sword       |    55 |    78 |   560 |   950 |   238 ||  1881
       Unarmed           |       |       |       |    26 |     1 ||    27
Throw: Tomahawk          |       |       |     8 |    18 |       ||    26
       Throwing net      |       |       |       |       |     1 ||     1
 Cast: Confusing Touch   |       |       |       |    16 |     1 ||    17
Invok: Stomp             |       |       |     1 |     1 |       ||     2
       Grand Finale      |       |       |       |     1 |     1 ||     2
 Abil: Evoke Invisibilit |       |       |     1 |     6 |    13 ||    20
Evoke: Wand              |       |       |       |     5 |       ||     5
  Use: Potion            |       |     4 |     4 |     2 |     3 ||    13
       Scroll            |       |       |    11 |     6 |     7 ||    24
 Stab: Sleeping          |     1 |     3 |     6 |    43 |    50 ||   103
       Distracted        |       |     1 |     1 |     7 |     5 ||    14
       Invisible         |       |       |     1 |    13 |    40 ||    54
       Paralysed         |       |       |       |    19 |    61 ||    80
       Confused          |       |       |       |    14 |       ||    14
       Held in net/web   |       |       |       |       |     1 ||     1
  Eat: Chunk             |     8 |     3 |    15 |    33 |    33 ||    92
       Royal jelly       |       |       |       |     1 |       ||     1
Armor: Ring mail         |    23 |     7 |    43 |       |       ||    73
       Leather armour    |     1 |       |       |     5 |    25 ||    31
       Chain mail        |       |       |   117 |    22 |       ||   139
       Robe              |       |       |       |    65 |    23 ||    88
       Scale mail        |       |       |       |       |    72 ||    72
Dodge: Dodged            |    54 |    40 |   324 |   477 |   635 ||  1530
